 Dungeon Crawl Stone Soup version 0.30.2 (webtiles) character file.

Game seed: 2037138569561125862

1795 porpoise the Skirmisher (level 8, -4/66 HPs)
             Began as a Minotaur Hunter on Jan 31, 2024.
             Was a Follower of Hepliaklqana.
             Slain by a gnoll
             ... wielding a +0 halberd
             ... led by a gnoll sergeant
              (13 damage)
             ... on level 5 of the Dungeon.
             The game lasted 00:11:45 (5511 turns).

porpoise the Skirmisher (Minotaur Hunter)           Turns: 5511, Time: 00:11:46

Health: -4/66      AC:  7    Str: 17    XL:     8   Next: 83%
Magic:  7/7        EV: 11    Int:  6    God:    Hepliaklqana [*.....]
Gold:   236        SH:  0    Dex: 17    Spells: 7/7 levels left

rFire   . . .        a - +0 shortbow
rCold   . . .        (shield currently unavailable)
rNeg    . . .        e - +0 ring mail
rPois   .            (helmet restricted)
rElec   .            z - +0 cloak of Negligence {Dex+2}
rCorr   .            (no gloves)
SInv    .            x - +0 pair of boots
Will    .....        (no amulet)
Stlth   +            (no ring)
HPRegen 0.31/turn    (no ring)
MPRegen 0.10/turn

%: no passive effects
@: lethally poisoned (-4 -> -21)
A: reduced essence, horns 2, retaliatory headbutt
a: Renounce Religion, Recall Ancestor, Ancestor Identity


You were on level 5 of the Dungeon.
You worshipped Hepliaklqana.
Hepliaklqana was aware of your devotion.
You visited 2 branches of the dungeon, and saw 6 of its levels.
You also visited: Ossuary.

You collected 431 gold pieces.
You spent 195 gold pieces at shops.

Inventory:

Hand Weapons
 a - a +0 shortbow (weapon)
 b - the +11 hand axe of the Scorching Gods {speed, rF+ rN+}
   (You found it on level 5 of the Dungeon)

   rF:        It protects you from fire.
   rN:        It protects you from negative energy.
 G - a +0 rapier of venom
Missiles
 t - 14 poisoned darts
 w - 2 throwing nets
Armour
 e - a +0 ring mail (worn)
 x - a +0 pair of boots (worn)
 z - the +0 cloak of Negligence (worn) {Dex+2}
   (You found it on level 4 of the Dungeon)

   Dex:       It affects your dexterity (+2).
Jewellery
 f - a +6 ring of intelligence
 h - an amulet of guardian spirit
 F - a +6 ring of intelligence
Wands
 p - a wand of mindburst (18)
Scrolls
 j - a scroll of fog {unknown}
 k - a scroll of fear
 n - a scroll of immolation
 o - a scroll of poison {unknown}
 q - a scroll of noise {unknown}
 r - a scroll of summoning {unknown}
 u - 4 scrolls of teleportation
 y - a scroll of vulnerability {unknown}
 A - a scroll of amnesia
 B - a scroll of blinking {unknown}
 C - a scroll of acquirement {unknown}
Potions
 c - a potion of brilliance {unknown}
 d - 2 potions of magic
 g - 6 potions of attraction
 i - 2 potions of curing
 l - 3 potions of heal wounds
 m - 2 potions of might {unknown}
 s - 4 potions of haste
 v - a potion of lignification {unknown}
 D - 2 potions of mutation
 E - 2 potions of berserk rage


   Skills:
 + Level 8.0 Fighting
 * Level 11.0 Ranged Weapons
 - Level 2.0 Armour
 - Level 2.1 Dodging
 - Level 0.7 Stealth


You had 7 spell levels left.
You didn't know any spells.
Your spell library contained the following spells:

 Spells                   Type           Power      Damage    Failure   Level
 Magic Dart               Conj           0%         1d3       65%         1
 Scorch                   Fire           0%         2d5       80%         2
 Searing Ray              Conj           0%         2d4       80%         2
 Flame Wave               Conj/Fire      0%         2d4       100%        4
 Fulminant Prism          Conj/Hex       0%         3d5       100%        4
 Summon Cactus Giant      Summ           0%         N/A       100%        6


Dungeon Overview and Level Annotations

Branches:
Dungeon (5/15)             Temple (1/1) D:4         Ossuary (visited)

Altars:
Ashenzari
Dithmenos
Elyvilon
Fedhas
Gozag
Hepliaklqana
Makhleb
Qazlal
Ru
Sif Muna
Trog
Uskayaw
Vehumet
Wu Jian
Yredelemnul
Zin
The Shining One

Shops:
D:4 !


Innate Abilities, Weirdness & Mutations

Your life essence is reduced to manifest your ancestor. (-10% HP)
You have a pair of horns on your head.
You reflexively headbutt those who attack you in melee.


Message History

The gnoll sergeant hits you but does no damage.
You shoot an arrow. The gnoll sergeant blocks the arrow.
You feel very sick.
The gnoll sergeant hits you from afar with a +0 spear of venom.
You are more poisoned.
You shoot an arrow. The arrow hits the gnoll sergeant.
The gnoll sergeant is almost dead.
You feel very sick.
The gnoll sergeant hits you from afar with a +0 spear of venom.
You are more poisoned.
What are your orders? t - Shout!
Orders for allies: a - Attack new target. p - Attack previous target. r - Retreat! s - Stop attacking. g - Guard the area. f - Follow me.
Anything else - Cancel.
Gang up on whom?
Press: ? - help, Dir - move target, f/p - gnoll sergeant
Aim: a gnoll sergeant, wielding a +0 spear of venom, wearing a +0 ring mail and wearing a +0 buckler (almost dead) Attack!
You feel very sick.
The gnoll sergeant hits you from afar with a +0 spear of venom.
You are lethally poisoned!
Fire: a) +0 shortbow
Press: ? - help, Q - select action, (/) - cycle Shift-Dir - straight line, f/p - gnoll sergeant
Aim: a gnoll sergeant, wielding a +0 spear of venom, wearing a +0 ring mail and wearing a +0 buckler (almost dead, 75% to hit)
You shoot an arrow. The arrow hits the gnoll sergeant.
You kill the gnoll sergeant!
* * * LOW HITPOINT WARNING * * *
You feel extremely sick.
Your Ranged Weapons skill increases to level 11!
Fire: a) +0 shortbow
Press: ? - help, Q - select action, (/) - cycle Shift-Dir - straight line, f - gnoll
Aim: a gnoll, wielding a +0 halberd (almost dead, 72% to hit)
You shoot an arrow. The arrow closely misses the gnoll.
The arrow hits the gnoll but does no damage.
* * * LOW HITPOINT WARNING * * *
You feel extremely sick.
The gnoll hits you from afar with a +0 halberd!
You die...

#########.###
#...........#
#.##################
#.........#........###
#.........'#.......#.#
#.........#.#.......#.
######...###.#........
####.####.#.......
#@....# ##.#......
#.##### ##.#..... #g#
##.#...# #g# ..#.####


gg# ###.#...# ...# .# ...8 ....# ..... .g...# ...8. ......+ ..... You could see
4 gnolls.

Vanquished Creatures
  Grinder (D:3)
  A shadow (D:5)
  Sigmund (D:2)
  2 black bears (D:4)
  An ogre (D:3)
  A phantom (D:5)
  2 elf zombies (Ossuary)
  A bullfrog (D:5)
  A gnoll sergeant (D:5)
  3 scorpions
  3 killer bees (D:5)
  A hound (D:4)
  A human zombie (Ossuary)
  A jelly (D:5)
  An iguana (D:4)
  Natasha (twice) (D:4)
  A hound zombie (Ossuary)
  4 mummies (Ossuary)
  4 adders
  2 gnolls
  A shadow imp (D:4)
  An adder zombie (Ossuary)
  2 worms
  7 dart slugs
  5 orcs
  3 ball pythons
  2 bats (D:1)
  4 endoplasms
  2 giant cockroaches
  A gnoll zombie (Ossuary)
  9 goblins
  5 hobgoblins
  2 jackals (D:2)
  6 quokkas
  5 frilled lizards
  2 goblin zombies (Ossuary)
  8 kobolds
  A kobold zombie (Ossuary)
  2 orc zombies (Ossuary)
  2 rats (D:3)
  A rat zombie (Ossuary)
105 creatures vanquished.

Vanquished Creatures (others)
  An ancestor (D:5)
1 creature vanquished.

Grand Total: 106 creatures vanquished

Notes
Turn   | Place    | Note
-------+----------+-------------------------------------------
     0 | D:1      | porpoise the Minotaur Hunter began the quest for the Orb.
     0 | D:1      | Reached XP level 1. HP: 18/18 MP: 0/0
   203 | D:1      | Reached XP level 2. HP: 25/25 MP: 1/1
   482 | D:1      | Reached skill level 1 in Armour
   678 | D:2      | Reached skill level 5 in Ranged Weapons
   683 | D:2      | Noticed Sigmund
   702 | D:1      | Reached XP level 3. HP: 29/31 MP: 2/2
   998 | D:2      | Killed Sigmund
   999 | D:2      | Reached skill level 6 in Ranged Weapons
   999 | D:2      | Reached XP level 4. HP: 10/40 MP: 3/3
   999 | D:2      | Reached XP level 5. HP: 12/46 MP: 4/4
  1927 | D:3      | Noticed Grinder
  1928 | D:3      | Paralysed by Grinder for 3 turns
  1938 | D:3      | Paralysed by Grinder for 3 turns
  1947 | D:3      | Paralysed by Grinder for 5 turns
  1948 | D:3      | Killed Grinder
  1949 | D:3      | Reached skill level 5 in Fighting
  1949 | D:3      | Reached skill level 7 in Ranged Weapons
  1949 | D:3      | Reached XP level 6. HP: 24/56 MP: 5/5
  2229 | D:3      | Reached XP level 7. HP: 53/61 MP: 6/6
  2397 | D:3      | Found a faded altar of an unknown god.
  2994 | D:4      | Found a shimmering blue altar of Sif Muna.
  2994 | D:4      | Found a stormy altar of Qazlal.
  3058 | D:4      | Reached skill level 8 in Ranged Weapons
  3184 | D:4      | Found Guabobl Jofi's Distillery.
  3193 | D:4      | Bought a potion of heal wounds for 65 gold pieces
  3193 | D:4      | Bought 2 potions of heal wounds for 130 gold pieces
  3222 | D:4      | Found a staircase to the Ecumenical Temple.
  3227 | Temple   | Entered the Ecumenical Temple
  3432 | Temple   | Became a worshipper of Hepliaklqana the Forgotten
  3990 | D:4      | Identified the +0 cloak of Negligence {Dex+2}
  3995 | D:4      | Noticed Natasha
  4107 | D:4      | Reached skill level 9 in Ranged Weapons
  4108 | D:4      | Killed Natasha
  4393 | D:4      | Noticed Natasha
  4404 | D:4      | Killed Natasha
  4558 | D:5      | Entered Level 5 of the Dungeon
  4558 | D:5      | Found a sand-covered staircase.
  4567 | Ossuary  | Entered an ossuary
  4600 | Ossuary  | Reached XP level 8. HP: 24/71 MP: 7/7
  4973 | D:5      | Found a sacrificial altar of Ru.
  5065 | D:5      | Reached skill level 10 in Ranged Weapons
  5104 | D:5      | Reached * piety under Hepliaklqana
  5105 | D:5      | Identified the +11 hand axe of the Scorching Gods {speed,
                  | rF+ rN+}
  5511 | D:5      | Reached skill level 11 in Ranged Weapons
  5511 | D:5      | Slain by a gnoll

Illustrated notes

Levels and vault maps discovered:
D:1:      sevenhm_arrival_forest_fort_large_2, layout_basic,
          minmay_misc_feat_enclosed, kennysheep_boxes
D:2:      layout_basic, minmay_small_reverse_x, uniq_sigmund
D:3:      layout_loops_ring, chequers_ecumenical_altar_lobes, uniq_grinder
D:4:      layout_loops_ring, gammafunk_temple_overflow_elements,
          temple_doors_ab, serial_shops, shop, kennysheep_opposing_triangles,
          uniq_natasha
D:5:      wad_pebble_path, layout_basic, mainiacjoe_overflow_alcove_1,
          nicolae_ossuary_entry_monument
Temple:   eino_narrow_crystal_temple

Skill      XL: |  1  2  3  4  5  6  7  8 |
---------------+-------------------------+-----
Armour         | 1 2 |  2.0
Fighting       | 3 4 5 6 8 |  8.0
Ranged Weapons | 5 6 7 9 11 | 11.0
Dodging        | |  2.1
Stealth        | |  0.7

Action                     |  1- 3 |  4- 6 |  7- 9 || total
---------------------------+-------+-------+-------++-------
  Melee: Rapier            |     8 |    17 |    12 ||    37
         Headbutt          |     1 |     4 |     3 ||     8
         Hand axe          |       |       |     2 ||     2
   Fire: Shortbow          |    57 |    39 |   239 ||   335
 Invoke: Ancestor Identity |       |       |     1 ||     1
    Use: Scroll            |       |     3 |     6 ||     9
         Potion            |       |       |     2 ||     2
 Armour: Ring mail         |     4 |     8 |   101 ||   113
  Dodge: Dodged            |    14 |    16 |   129 ||   159
